 Dungeon Sprint DCSS version 0.16.2-12-gd0ad4c3 (webtiles) character file.

812 HenryFlower the Brawler (level 7, -3/99 HPs)
             Began as a Troll Berserker on Sept 20, 2015.
             Was a Priest of Trog.
             Slain by a boulder beetle (19 damage)
             ... in the Dungeon (Sprint II: "The Violet Keep of Menkaure").
             The game lasted 00:00:36 (75 turns).

HenryFlower the Brawler (Troll Berserker)             Turns: 75, Time: 00:00:36

Health: -3/99      AC:  5    Str: 31    XL:     7   Next: 61%
Magic:  3/3        EV: 10    Int: -6 (3) God:    Trog [***...]
Gold:   243        SH:  0    Dex: 11    Spells: 0 memorised, 6 levels left

rFire  . . .     SeeInvis .       - Unarmed
rCold  . . .     Clarity  .     b - +0 animal skin (curse)
rNeg   . . .     SustAb   .     (shield restricted)
rPois  .         Gourm    +     (helmet restricted)
rElec  .         Spirit   .     (no cloak)
rCorr  .         Warding  .     (gloves unavailable)
rMut   .         NoTele   +     (boots unavailable)
MR     .....                    (no amulet)
Stlth  ..........               (no ring)
                                (no ring)

@: berserking (expiring), lost intelligence, very slow, not resistant to hostile
enchantments, extremely unstealthy
A: unfitting armour, claws 3, fast metabolism 3, gourmand, regeneration 2,
shaggy fur 1, tough skin 2
a: Burn Spellbooks, Berserk, Trog's Hand, Renounce Religion


You were in the Dungeon.
You worshipped Trog.
Trog was most pleased with you.
You were not hungry.

You visited 1 branch You collected 243 gold pieces.

Inventory:

Armour
 b - a cursed +0 animal skin (worn)
Scrolls
 h - a scroll of blinking
Potions
 c - a potion of curing
 d - a potion of heal wounds
 e - a potion of haste
 f - 2 potions of magic
 g - a potion of berserk rage
Comestibles
 a - 2 meat rations


   Skills:
 - Level 2.4 Fighting
 - Level 1.5 Armour
 - Level 1.5 Dodging
 + Level 16.0 Unarmed Combat


You had 6 spell levels left.
You didn't know any spells.

Dungeon Overview and Level Annotations

Branches:
Dungeon (1/1)

Altars:


Innate Abilities, Weirdness & Mutations

You are too large for most types of armour.
You have claws for hands.
Your metabolism is lightning-fast.
You like to eat raw meat.
You heal very quickly.
You are covered in fur (AC +1).
You have very tough skin (AC +2).


Message History

The boulder beetle is moderately wounded.
The boulder beetle smashes into you!
* * * LOW HITPOINT WARNING * * *
The boulder beetle stops rolling.
You claw the boulder beetle!
The boulder beetle is moderately wounded.
The boulder beetle bites you!!
* * * LOW HITPOINT WARNING * * *
You claw the boulder beetle!
The boulder beetle is heavily wounded.
You scratch the boulder beetle but do no damage.
The boulder beetle is heavily wounded.
The boulder beetle bites you.
* * * LOW HITPOINT WARNING * * *
You scratch the boulder beetle.
The boulder beetle is heavily wounded.
You claw the boulder beetle!
The boulder beetle is severely wounded.
The boulder beetle bites you!!
You die...

## ## ##.
.## #..#..#
## #.).#
#.###'# ##
#..##.##$..#
#.'.@B'#
#.##.##...#
#.###+# .##
## #


You could see a boulder beetle.

Vanquished Creatures
  A siren (D)
  A boulder beetle (D)
  Menkaure (D)
  4 brain worms (D)
7 creatures vanquished.

Notes
Turn   | Place    | Note
--------------------------------------------------------------
     0 | D        | HenryFlower, the Troll Berserker, began the quest for the Orb.
     0 | D        | Reached XP level 1. HP: 22/22 MP: 1/1
     1 | D        | Noticed a brain worm
     1 | D        | Noticed a brain worm
     1 | D        | Noticed a brain worm
     1 | D        | Noticed a brain worm
     4 | D        | Killed a brain worm
     4 | D        | Reached skill level 8 in Unarmed Combat
     4 | D        | Reached XP level 2. HP: 29/29 MP: 1/1
     4 | D        | Reached XP level 3. HP: 36/36 MP: 2/2
     4 | D        | Reached XP level 4. HP: 44/44 MP: 2/2
     4 | D        | Lost intelligence.
    12 | D        | Killed a brain worm
    12 | D        | Reached skill level 10 in Unarmed Combat
    13 | D        | Killed a brain worm
    13 | D        | Acquired Trog's second power
    13 | D        | Reached skill level 11 in Unarmed Combat
    13 | D        | Reached XP level 5. HP: 50/50 MP: 2/2
    14 | D        | Killed a brain worm
    14 | D        | Reached skill level 12 in Unarmed Combat
    27 | D        | Noticed a siren
    32 | D        | Killed a siren
    32 | D        | Reached skill level 14 in Unarmed Combat
    32 | D        | Reached XP level 6. HP: 25/59 MP: 3/3
    32 | D        | Reached XP level 7. HP: 27/66 MP: 3/3
    40 | D        | Noticed Menkaure
    40 | D        | Killed Menkaure
    40 | D        | Reached skill level 15 in Unarmed Combat
    64 | D        | Noticed a boulder beetle
    65 | D        | Noticed a boulder beetle
    69 | D        | Killed a boulder beetle
    69 | D        | Reached skill level 16 in Unarmed Combat
    75 | D        | Slain by a boulder beetle

Action                   |  1- 3 |  4- 6 |  7- 9 || total
-------------------------+-------+-------+-------++-------
Melee: Unarmed           |     2 |    10 |    10 ||    22
Invok: Berserk           |     1 |       |     1 ||     2
 Stab: Distracted        |       |       |     1 ||     1
